 Dungeon Crawl Stone Soup version 0.28-a0-500-g121bc3e445 (webtiles) character file.

Game seed: 12043820336499353462

193 mg7810 the Chopper (level 5, -2/41 HPs)
             Began as a Demonspawn Monk on Sept 19, 2021.
             Slain by Grinder (5 damage)
             ... while paralysed by Grinder
             ... on level 3 of the Dungeon.
             The game lasted 00:14:04 (3109 turns).

mg7810 the Chopper (Demonspawn Monk)                Turns: 3109, Time: 00:14:04

Health: -2/41      AC: 10    Str: 13    XL:     5   Next: 43%
Magic:  5/5        EV:  2    Int: 11    God:
Gold:   66         SH:  0    Dex: 15    Spells: 4/4 levels left

rFire   . . .      SeeInvis .   d - +1 whip (elec)
rCold   . . .      Faith    .   e - +0 buckler
rNeg    . . .      Spirit   .   k - +0 scale mail
rPois   .          Reflect  .   (no helmet)
rElec   .          Harm     .   g - +0 cloak
rCorr   .          Rampage  .   c - +0 pair of gloves
Will    .....                   (no boots)
Stlth   +.........              (no amulet)
HPRegen 0.13/turn               (no ring)
MPRegen 0.18/turn               (no ring)

@: paralysed, flying
A: talons 1, slimy green scales 1, magic regeneration, condensation shield
a: no special abilities


You were on level 3 of the Dungeon.
You visited 1 branch of the dungeon, and saw 3 of its levels.

You collected 66 gold pieces.

Inventory:

Hand Weapons
 a - a +0 hand axe
 d - a +1 whip of electrocution (weapon)
Armour
 c - a +0 pair of gloves (worn)
 e - a +0 buckler (worn)
 g - a +0 cloak (worn)
 k - a +0 scale mail (worn)
Scrolls
 f - a scroll of silence {unknown}
 h - 2 scrolls of identify {unknown}
 j - a scroll of brand weapon {unknown}
 l - a scroll of vulnerability {unknown}
 m - a scroll of noise {unknown}


   Skills:
 + Level 3.5 Fighting
 + Level 3.6(3.7) Axes
 + Level 0.6(2.3) Maces & Flails
 * Level 2.3 Armour
 + Level 3.0 Dodging
 - Level 2.0 Stealth
 + Level 0.5 Shields
 * Level 1.3 Unarmed Combat


You had 4 spell levels left.
You didn't know any spells.
Your spell library contained the following spells:

 Spells                   Type           Power      Damage    Failure   Level
 Sting                    Tmut/Pois      0%         1d3       95%         1
 Poisonous Vapours        Pois/Air       0%         N/A       98%         2
 Olgreb's Toxic Radiance  Pois           0%         N/A       100%        4
 Borgnjor's Revivificati  Necr           0%         N/A       100%        8
 Necromutation            Tmut/Necr      0%         N/A       100%        8
 Death's Door             Necr           0%         N/A       100%        9


Dungeon Overview and Level Annotations

Branches:
Dungeon (3/15)

Altars:

Annotations:
D:3 Grinder, Natasha


Innate Abilities, Weirdness & Mutations

You have sharp toenails.
You are partially covered in slimy green scales. (AC +2)
You regenerate magic rapidly.
A meltable shield of frost defends you. (SH +4)


Message History

You suddenly lose the ability to move!
Grinder gestures at you.
You barely resist.
You can move again.
You aren't carrying any items that you can evoke.
It was a potion of flight.
You feel very buoyant.
You fly up into the air.
Grinder gestures at you. Pain shoots through your body!
Grinder says, "I used to sell toenails on the black market."
You closely miss Grinder. Grinder hits you.
You writhe in agony.
You hit Grinder but do no damage. Your kick misses Grinder. Grinder hits you.
You writhe in agony.
You barely miss Grinder. You claw Grinder, but do no damage.
Grinder barely misses you.
You hit Grinder but do no damage. Your kick misses Grinder. Grinder hits you.
You writhe in agony.
You hit Grinder but do no damage. Grinder hits you but does no damage.
You hit Grinder but do no damage. Grinder barely misses you.
As you read the scroll labelled RUEL IMUSS, it crumbles to dust.
It is a scroll of enchant weapon.
Your +0 whip of electrocution glows red for a moment.
Grinder closely misses you.
You hit Grinder.
Grinder is lightly wounded.
Grinder gestures at you. Pain shoots through your body!
You hit Grinder but do no damage. You claw Grinder.
Grinder is lightly wounded.
Grinder gestures at you.
You suddenly lose the ability to move!
Grinder hits you.
* * * LOW HITPOINT WARNING * * *
You writhe in agony.
* * * LOW HITPOINT WARNING * * *
Grinder hits you.
* * * LOW HITPOINT WARNING * * *
You writhe in agony.
You die...

##........###
##........##
#...<.....#
#....##.#.#####
#..#.##.#......
##..#.##.#.###.#
###...#.##.#.# #.#
#####....##.##.#.###.#
#...5@..###.##.......#
#......## #.##.#####.#
#.....## #.##.# ##.#
#.....# #.####...
#.....# #........
####### ######... #...
####


You could see Grinder.

Vanquished Creatures
  Natasha (D:3)
  6 gnolls
  3 adders
  A worm (D:3)
  4 dart slugs
  3 orcs (D:3)
  7 ball pythons
  9 bats
  7 endoplasms
  2 giant cockroaches
  5 hobgoblins
  2 jackals (D:1)
  5 quokkas
  3 frilled lizards
  3 goblins
  7 kobolds
  4 rats
72 creatures vanquished.

Notes
Turn   | Place    | Note
-------+----------+-------------------------------------------
     0 | D:1      | mg7810 the Demonspawn Monk began the quest for the Orb.
     0 | D:1      | Reached XP level 1. HP: 18/18 MP: 1/1
   274 | D:1      | Gained mutation: A meltable shield of frost defends you.
                  | (SH +4) [demonic ancestry]
   274 | D:1      | Reached XP level 2. HP: 21/24 MP: 2/2
   868 | D:1      | Gained mutation: You have sharp toenails. [demonic
                  | ancestry]
   868 | D:1      | Reached XP level 3. HP: 26/29 MP: 3/3
   909 | D:1      | Reached skill level 1 in Armour
   947 | D:1      | Found a faded altar of an unknown god.
  1735 | D:2      | Gained mutation: You are partially covered in slimy green
                  | scales. (AC +2) [demonic ancestry]
  1735 | D:2      | Reached XP level 4. HP: 35/35 MP: 4/4
  2264 | D:3      | Noticed Natasha
  2518 | D:3      | Killed Natasha
  2519 | D:3      | Reached skill level 1 in Unarmed Combat
  2519 | D:3      | Gained mutation: You regenerate magic rapidly. [demonic
                  | ancestry]
  2519 | D:3      | Reached XP level 5. HP: 41/41 MP: 5/5
  2807 | D:3      | Noticed Natasha
  3092 | D:3      | Noticed Grinder
  3093 | D:3      | Paralysed by Grinder for 3 turns
  3107 | D:3      | Paralysed by Grinder for 7 turns
  3109 | D:3      | Slain by Grinder

Illustrated notes

Levels and vault maps discovered:
D:1:      psy_arrival_whirlpool, layout_loops_ring,
          shapermc_ecumenical_altar_mp_vishouse
D:2:      layout_basic, kennysheep_cluttered_room
D:3:      layout_rooms, minmay_hedge_maze, solitary_fountain, st_stairs_14,
          minmay_misc_feat_encased, uniq_natasha, uniq_grinder

Skill      XL: |  1  2  3  4  5 |
---------------+----------------+-----
Axes           | 3 |  3.6
Armour         | 1 2 |  2.3
Dodging        | 3 |  3.0
Unarmed Combat | 1 |  1.3
Stealth        | 2 |  2.0
Fighting       | |  3.5
Maces & Flails | |  0.6
Shields        | |  0.5

Action                   |  1- 3 |  4- 6 || total
-------------------------+-------+-------++-------
Melee: Hand axe          |   147 |    10 ||   157
       Kick              |    13 |    16 ||    29
       Whip              |       |    77 ||    77
  Use: Potion            |     2 |     2 ||     4
       Scroll            |       |     1 ||     1
 Stab: Sleeping          |     2 |       ||     2
Armor: Ring mail         |    52 |    10 ||    62
       Scale mail        |       |    17 ||    17
Dodge: Dodged            |    96 |    39 ||   135
Block: Other             |    25 |     5 ||    30
       Buckler           |       |    23 ||    23

Table legend: (Time is in decaauts)
 A = Elapsed time spent in this place.
 B = Non-inter-level travel time spent in this place.
 C = Inter-level travel time spent in this place.
 D = Time resting spent in this place.
 E = Time spent auto-exploring this place.
 F = Levels seen in this place.
 G = Mean time per level.
                   A        B        C        D        E       F      G
               +--------+--------+--------+--------+--------+-----+--------+
         Total |   3149 |   3080 |     69 |      0 |   2271 |   3 | 1049.7 |
       Dungeon |   3149 |   3080 |     69 |      0 |   2271 |   3 | 1049.7 |
               +--------+--------+--------+--------+--------+-----+--------+

Top non-repeatable levels by time:
     D:1: 1321 daAuts
     D:2: 952 daAuts
     D:3: 875 daAuts
